[Event "Late-Titled-Tuesday-Blitz-September-26-2023"]
[Site "Chess.com"]
[Date "2023.09.26"]
[Round "3"]
[White "infinitegiantkiller"]
[Black "SlipperySpeedster"]
[Result "1-0"]
[WhiteElo "2456"]
[BlackElo "2617"]
[TimeControl "180+1"]
[EndTime "14:29:18 PDT"]
[Termination "infinitegiantkiller won by resignation"]

1. Nf3 d5 2. g3 Nf6 3. Bg2 Bg4 4.
O-O c6 5. b3 Nbd7 6. Bb2 g6 7. d4 Bg7 8. Nbd2 O-O 9. c4 Ne4 10. Nxe4 dxe4 11. Ne5 Nxe5 12. dxe5 Qa5 13. Bxe4 Bxe5 14. Qc2 Rad8 15. Bxe5 Qxe5 16. Rad1 Rd6 17. Rxd6 exd6 18. Rd1 Re8 19. Bf3 Bxf3 20. exf3 Re6 21.
Kg2 Kg7 22. Rd2 h5 23. h4 Qf6 24. Re2 Rxe2 25. Qxe2 Qe5 26. Qxe5+ dxe5 27. Kf1 Kf6 28. Ke2 Ke6 29. Ke3 Kd6 30. b4 b5 31. cxb5 cxb5 32. f4 f6 33. f3 exf4+ 34. Kxf4 Kd5 35. g4 Kc4 36. g5 fxg5+ 37. Kxg5 Kxb4 38. Kxg6 Ka3 39.
f4 Kxa2 40. f5 b4 41. f6 b3 42. f7 b2 43. f8=Q b1=Q+ 44. Kxh5 Qb5+ 45. Kg6 a5 46. h5 Qd3+ 47. Qf5 Qg3+ 48. Kf6 Qc3+ 49. Kf7 a4 50. h6 a3 51. h7 Kb2 52. Qf2+ Kb3 53. Qb6+ Kc2 54. Qg6+ Kc1 55. Qg1+ Kd2 56. Qf2+ Kd1 57. Qf1+ Kc2 58. Qe2+ Kb1 59. Qd1+ Kb2 60. Qe2+ Ka1 61.
Qd1+ Ka2 62. Qe2+ Kb3 63. Qb5+ Kc2 64. Qf5+ Kd2 65. Qf2+ Kd1 66. Qf1+ Kc2 67. Qe2+ Kb1 68. Qd1+ Kb2 69. Qe2+ Ka1 70. Qd1+ Ka2 71. Qe2+ Qb2 72. Qc4+ Ka1 73. Qf1+ Ka2 74. Qc4+ Kb1 75. Qf1+ Kc2 76.
Qe2+ Kb3 77. Qxb2+ axb2 78. h8=Q b1=Q 79. Qb8+ Kc2 80.
Qh2+ Kc3 81. Qg3+ Kb4 82. Qb8+ Kc3 83. Qxb1 1-0

[Event "Late-Titled-Tuesday-Blitz-September-26-2023"]
[Site "Chess.com"]
[Date "2023.09.26"]
[Round "3"]
[White "Aariow"]
[Black "Kombinator01"]
[Result "0-1"]
[WhiteElo "2570"]
[BlackElo "2417"]
[TimeControl "180+1"]
[EndTime "14:29:44 PDT"]
[Termination "Kombinator01 won by checkmate"]

1. d4 Nf6 2. c4 g6 3. Nc3 d5 4. cxd5 Nxd5 5. Bd2 Nb6 6. e3 Bg7 7. f4 O-O 8. Nf3 N8d7 9. a4 a5 10. Ne4 f5 11. Neg5 Nf6 12. Rc1 h6 13. Nh3 Ne4 14.
Bd3 c5 15. Qb3+ Nd5 16. dxc5 Be6 17. Qc2 Rc8 18. Bxe4 fxe4 19. Qxe4 Bf5 20. Qc4 e6 21. e4 Bxh3 22. gxh3 Nxf4 23. Bxf4 Rxf4 24. Qxe6+ Kh7 25. O-O Qe8 26. Qxe8 Rxe8 27. e5 Rxa4 28. Kg2 Rb4 29.
Rc2 Re4 30. c6 bxc6 31. Rxc6 Re2+ 32. Rf2 Rxf2+ 33. Kxf2 Bxe5 34. Rc5 Bxb2 35. Rxa5 Bg7 36. Ra7 Kg8 37. Kg2 Rb8 38. Kg3 Bf8 39. h4 Bd6+ 40. Kh3 Rb3 41. Kg4 h5+ 42. Kg5 Rxf3 43. Kxg6 Bf8 44. Kxh5 Rf6 45. Kg5 Rb6 46. h5 Bg7 47. h4 Kh7 48. h6 Rxh6 49. h5 Rb6 50. Rc7 Rb5+ 51. Kg4 Kh6 52. Rc6+ Kh7 53. Rc7 Rd5 54. Rb7 Rd6 55. Ra7 Rb6 56. Rc7 Kh6 57. Rc4 Bf6 58.
Re4 Rd6 59. Rf4 Be5 60. Rc4 Bd4 61. Rb4 Bc5 62. Rc4 Rd5 63. Re4 Rg5+ 64. Kf4 Kxh5 65. Rc4 Bd6+ 66. Kf3 Rf5+ 67. Ke4 Re5+ 68. Kd4 Rg5 69.
Rc6 Be7 70. Re6 Bd8 71. Re8 Bb6+ 72. Kc4 Kg4 73. Re4+ Kf3 74. Re6 Be3 75. Rf6+ Ke2 76. Re6 Rc5+ 77. Kb4 Rc8 78. Re7 Kd3 79. Rd7+ Bd4 80.
Kb5 Rc5+ 81. Kb4 Rc6 82. Rb7 Rc4+ 83. Kb3 Rc1 84. Rd7 Rb1+ 85. Ka3 Kc4 86. Rc7+ Bc5+ 87.
Ka2 Rb8 88. Rc6 Kb4 89. Rc7 Bd4 90. Rd7 Bc3 91. Rc7 Ra8+ 92. Kb1 Kb3 93. Rb7+ Bb4 94.
Rh7 Rg8 95. Rh3+ Bc3 96. Rh1 Ra8 97. Rh3 Ra1# 0-1

[Event "Late-Titled-Tuesday-Blitz-September-26-2023"]
[Site "Chess.com"]
[Date "2023.09.26"]
[Round "3"]
[White "lefonghua"]
[Black "Battever"]
[Result "1/2-1/2"]
[WhiteElo "2636"]
[BlackElo "2468"]
[TimeControl "180+1"]
[EndTime "14:30:25 PDT"]
[Termination "Game drawn by stalemate"]

1. d4 Nf6 2. c4 e6 3. Nc3 Bb4 4. f3 c5 5. a3 Bxc3+ 6. bxc3 Qe7 7. e4 d6 8. Ne2 Nc6 9. Ng3 e5 10. d5 Na5 11. Qa4+ Bd7 12. Qxa5 b6 13. Qa6 O-O 14. Nf5 Bxf5 15. exf5 e4 16. f4 e3 17. Be2 Qe4 18.
O-O Qc2 19. Bxe3 Qxe2 20. Rfe1 Qc2 21. Rac1 Qxf5 22. Qa4 Qe4 23. Bd4 Qf5 24. Bxf6 Qxf6 25. g3 h5 26. Re3 h4 27. Rce1 h3 28. Qd7 Qh6 29. Re7 Qh5 30. Kf2 Rad8 31. Qa4 Qf5 32.
Qd1 a6 33. Qf3 b5 34. cxb5 axb5 35. g4 Qc2+ 36. R1e2 Qb3 37. Qxh3 Qxd5 38. Qf3 Qb3 39. f5 b4 40. axb4 cxb4 41. cxb4 Qxb4 42. f6 Qd4+ 43. Kg2 Qxf6 44. Qxf6 gxf6 45. Rd2 Kg7 46. Re4 Rd7 47.
Red4 Rfd8 48. Rd5 Kg6 49. h4 Kg7 50. Kg3 Ra8 51. Rxd6 Ra3+ 52. Kf4 Re7 53. R6d3 Ra4+ 54. Rd4 Ra3 55. R2d3 Ra1 56. Rd1 Ra2 57. R1d2 Ra3 58. R2d3 Ra1 59. Rd1 Ra2 60. R1d2 Ra5 61. h5 Rg5 62. Kf3 Rb7 63. Rf4 Rb3+ 64. Kg2 f5 65.
Rxf5 Rxg4+ 66. Kf2 Rh3 67. Rdd5 Rgh4 68. Rg5+ Kh6 69.
Rg3 Rh2+ 70. Kf3 Rxh5 71. Rxh5+ Rxh5 72. Rg8 Rg5 73. Rh8+ Kg7 74. Ra8 Rb5 75. Ra3 Rb4 76.
Kf2 Kg6 77. Kf1 Kf5 78. Rc3 Ke5 79. Ra3 f5 80. Kf2 Kf4 81. Rc3 Rb2+ 82. Kf1 Rh2 83. Rd3 Rh4 84. Rd4+ Kg3 85. Rd3+ Kg4 86. Ra3 f4 87.
Kf2 Rh2+ 88. Kf1 Rb2 89. Rc3 Rd2 90. Rb3 Rh2 91. Ra3 Rh6 92. Rb3 Re6 93. Ra3 Rb6 94.
Rc3 Rb2 95. Rd3 Kf5 96. Rc3 Ke4 97. Ra3 Rc2 98. Rb3 Rd2 99. Ra3 Rd1+ 100. Kf2 Rh1 101. Ra4+ Kf5 102. Ra3 Rh2+ 103. Kf1 Rb2 104. Rc3 Kg4 105. Rd3 Ra2 106. Rc3 Kf5 107. Rb3 Ke4 108. Rc3 Rb2 109. Ra3 Rh2 110. Rb3 Rd2 111. Ra3 Rd3 112. Rxd3 Kxd3 113. Kf2 Ke4 114. Ke2 Kf5 115. Kf3 Kg5 116. Kf2 Kg4 117. Kg2 f3+ 118. Kf2 Kf4 119. Kf1 Ke4 120. Kf2 Kf4 121. Kf1 Kg3 122. Kg1 f2+ 123. Kf1 Kf3 1/2-1/2

[Event "Late-Titled-Tuesday-Blitz-September-26-2023"]
[Site "Chess.com"]
[Date "2023.09.26"]
[Round "3"]
[White "Sokoloco"]
[Black "HajiyevKanan"]
[Result "1-0"]
[WhiteElo "2694"]
[BlackElo "2507"]
[TimeControl "180+1"]
[EndTime "14:30:41 PDT"]
[Termination "Sokoloco won by checkmate"]

1. b3 b6 2. Bb2 Bb7 3. e3 Nf6 4. Nf3 g6 5. Bxf6 exf6 6. d4 Bb4+ 7. c3 Be7 8. Be2 O-O 9. O-O f5 10. Ne1 Nc6 11. Bf3 d5 12. Nd3 Bf6 13. Nd2 Re8 14. g3 h5 15. h4 Kg7 16. Re1 a5 17. a4 Rb8 18. Qe2 Na7 19. Qf1 Nc8 20. Qg2 c6 21. Rab1 Nd6 22. c4 Ne4 23. Bxe4 dxe4 24. Nf4 c5 25. d5 Be5 26. Rbc1 Qf6 27. Nb1 Rbd8 28. Rc2 Re7 29. Nh3 Qd6 30. Nc3 Ba6 31. Ne2 Qf6 32. Nef4 Bc3 33. Rec1 Bb2 34. Rb1 Be5 35.
Ng5 Qd6 36. Rd1 Bf6 37. Rcd2 Bc3 38. Rc2 Be5 39. Qf1 Bxf4 40. exf4 f6 41. Nh3 Kh6 42. Qe1 Red7 43. Qe3 Kh7 44. Kg2 Re8 45. Ng1 Red8 46. Ne2 Re8 47. Nc3 Qf8 48. Re1 Rde7 49.
Rce2 Rd7 50. f3 exf3+ 51. Qxf3 Rde7 52. Re3 Kg7 53. Kf1 Kf7 54. Re6 Rxe6 55. Rxe6 Rxe6 56. dxe6+ Kxe6 57. Qc6+ Qd6 58. Qe8+ Qe7 59. Qxg6 Qd7 60. Qxh5 Qd3+ 61. Qe2+ Qxe2+ 62. Kxe2 Bb7 63. Kd3 Bf3 64. Nd5 Be4+ 65. Kc3 b5 66. axb5 Bf3 67. Nb6 Kd6 68. Na4 Kc7 69. Nb2 Kd6 70. Na4 Be4 71. Kd2 Bf3 72. Nc3 Bg4 73. Ke3 Kc7 74. Nd5+ Kb7 75.
Kd3 Bd1 76. Kc3 Bf3 77. Nxf6 Be2 78. h5 Bxh5 79. Nxh5 Kb6 80. Ng7 Kc7 81. Nxf5 Kd7 82.
Ne3 Kc7 83. Nf1 Kb6 84. Nd2 Kc7 85. Ne4 Kb6 86. g4 a4 87. bxa4 Ka5 88. Nxc5 Kb6 89. Kb4 Ka7 90. Ne4 Kb6 91. c5+ Ka7 92. a5 Kb7 93. f5 Ka7 94. g5 Kb7 95. f6 Kc7 96. g6 Kd7 97. a6 Kc7 98. g7 Kd7 99. g8=N Kc7 100. f7 Kb8 101. f8=N Ka7 102. Ne6 Kb8 103. N6g5 Kc7 104. Ngf6 Kb8 105. Ng4 Ka7 106. Ngf2 Kb8 107. Ng3 Ka7 108. Ngh3 Kb8 109. Ng1 Ka7 110. Ka5 Kb8 111. Kb6 Kc8 112. a7 Kd7 113. a8=N Ke6 114. c6 Kd6 115. c7 Ke5 116. c8=N Kf4 117. Nf1 Ke5 118. Na7 Kd4 119. Nc7 Kc3 120. Kb7 Kd4 121. b6 Ke5 122. Na6 Kd6 123. Kc8 Ke5 124. b7 Kf4 125. b8=N Ke5 126. Kc7 Kd4 127. Kb6 Ke5 128. Kc5 Ke6 129. Nbc6 Kf5 130. Kd5 Kf4 131. Kd4 Kf5 132. Nb5 Kf4 133. Nc5 Kf5 134. Nd6+ Kg5 135. Ne6+ Kf6 136. Kd5 Kg6 137. Nfe4 Kh5 138. Ke5 Kg6 139. Nf6 Kh6 140. Ne3 Kg6 141. Ne2 Kh6 142. Nef5+ Kg6 143. N2f4# 1-0

[Event "Late-Titled-Tuesday-Blitz-September-26-2023"]
[Site "Chess.com"]
[Date "2023.09.26"]
[Round "4"]
[White "Orest_Vovk"]
[Black "h4parah5"]
[Result "1-0"]
[WhiteElo "2581"]
[BlackElo "2935"]
[TimeControl "180+1"]
[EndTime "14:32:44 PDT"]
[Termination "Orest_Vovk won by checkmate"]

1. h4 d5 2. h5 e5 3. h6 Nxh6 4. d4 exd4 5. Bxh6 gxh6 6. Qxd4 Qg5 7. Nc3 Bg7 8. Qd3 Be6 9. Nf3 Qd8 10. O-O-O c6 11.
e4 dxe4 12. Qxd8# 1-0

[Event "Late-Titled-Tuesday-Blitz-September-26-2023"]
[Site "Chess.com"]
[Date "2023.09.26"]
[Round "4"]
[White "Jarming"]
[Black "2346PL"]
[Result "1-0"]
[WhiteElo "2658"]
[BlackElo "2442"]
[TimeControl "180+1"]
[EndTime "14:33:22 PDT"]
[Termination "Jarming won by resignation"]

1. d4 d6 2. c4 e5 3. Nf3 e4 4. Nfd2 f5 5. e3 Nf6 6. Nc3 g6 7. f3 exf3 8. Qxf3 Bg7 9. h3 O-O 10. Bd3 c6 11. O-O d5 12. cxd5 cxd5 13. Nb3 Nc6 14.
Bd2 Ne4 15. Rac1 Kh8 16. Ne2 Be6 17. Be1 Rc8 18. Nc5 Nxc5 19. Rxc5 Nb4 20. Bxb4 1-0

[Event "Late-Titled-Tuesday-Blitz-September-26-2023"]
[Site "Chess.com"]
[Date "2023.09.26"]
[Round "4"]
[White "arminmusovic"]
[Black "Willychess95"]
[Result "0-1"]
[WhiteElo "2506"]
[BlackElo "2703"]
[TimeControl "180+1"]
[EndTime "14:33:54 PDT"]
[Termination "Willychess95 won by resignation"]

1. a3 Nf6 2. c4 c6 3. g3 d5 4. Bg2 dxc4 5. Nf3 g6 6. Qc2 Bg7 7. O-O O-O 8. Qxc4 Qb6 9. Nc3 Be6 10. Qh4 h6 11. d3 g5 12. Qd4 Qb3 13. Qa4 Qxa4 14. Nxa4 Nbd7 15. Nd4 Bg4 16. h3 Bh5 17. Nf5 Bxe2 18. Re1 Bxd3 19. h4 Bxf5 0-1

[Event "Late-Titled-Tuesday-Blitz-September-26-2023"]
[Site "Chess.com"]
[Date "2023.09.26"]
[Round "4"]
[White "Horokoskii"]
[Black "ATM622"]
[Result "0-1"]
[WhiteElo "2105"]
[BlackElo "2433"]
[TimeControl "180+1"]
[EndTime "14:33:55 PDT"]
[Termination "ATM622 won by resignation"]

1. c4 e5 2. Nc3 f5 3. Nf3 d6 4. e4 f4 5. d4 Nd7 6. dxe5 dxe5 7. b3 Ngf6 8. Bb2 Bb4 9. Bd3 Nc5 10. Nxe5 Qd4 11. Qd2 Qxe5 12. a3 Nxb3 0-1

[Event "Late-Titled-Tuesday-Blitz-September-26-2023"]
[Site "Chess.com"]
[Date "2023.09.26"]
[Round "4"]
[White "sofaceindisguise"]
[Black "simplerXiao"]
[Result "1-0"]
[WhiteElo "2705"]
[BlackElo "2508"]
[TimeControl "180+1"]
[EndTime "14:33:57 PDT"]
[Termination "sofaceindisguise won by resignation"]

1. d4 Nf6 2. c4 e6 3. Nc3 d5 4.
cxd5 exd5 5. Bg5 Bb4 6. e3 c5 7. Ne2 Nbd7 8. a3 Ba5 9. dxc5 Bxc3+ 10. Nxc3 Nxc5 11. Bxf6 Qxf6 12. Qxd5 Ne6 13. Bb5+ Ke7 14. O-O Rd8 15. Rfd1 a6 16. Bc4 Kf8 17. Qe4 Re8 18.
Qxh7 g6 19. Qh6+ Kg8 20. Rd2 Ng7 21. Nd5 Qe5 22. Qf4 Bf5 23. Qxe5 Rxe5 24. Rad1 Rc8 25. Bb3 Ne6 26. Ne7+ 1-0

[Event "Late-Titled-Tuesday-Blitz-September-26-2023"]
[Site "Chess.com"]
[Date "2023.09.26"]
[Round "4"]
[White "DrCeltic"]
[Black "ArmanGhevondyanchess"]
[Result "1-0"]
[WhiteElo "2449"]
[BlackElo "2590"]
[TimeControl "180+1"]
[EndTime "14:33:59 PDT"]
[Termination "DrCeltic won by resignation"]

1. e4 c5 2. Nf3 Nc6 3. d4 cxd4 4.
Nxd4 g6 5. Nc3 Bg7 6. Be3 Nf6 7. Bc4 O-O 8. Bb3 a5 9. a4 Nb4 10. O-O d5 11. exd5 Nfxd5 12. Nxd5 Nxd5 13. Bg5 Nf6 14. c3 Ra6 15. Re1 Bg4 16. Qd2 Bf5 17. Nxf5 gxf5 18.
Qxd8 Rxd8 19. Rxe7 Rf8 20. Rxb7 h6 21. Be3 Rc6 22.
Rd1 Ne4 23. Rdd7 Nc5 24. Bxc5 Rxc5 25. Bxf7+ Kh8 26. Bb3 Re5 27. g3 1-0

[Event "Late-Titled-Tuesday-Blitz-September-26-2023"]
[Site "Chess.com"]
[Date "2023.09.26"]
[Round "4"]
[White "azikom"]
[Black "giomar27"]
[Result "0-1"]
[WhiteElo "2626"]
[BlackElo "2287"]
[TimeControl "180+1"]
[EndTime "14:34:25 PDT"]
[Termination "giomar27 won by checkmate"]

1. c4 c5 2. Nc3 g6 3. g3 Bg7 4. Bg2 Nc6 5. h4 h6 6. a3 d6 7. Rb1 a5 8. Nh3 e5 9. d3 Nge7 10. Bd2 Be6 11. Nd5 O-O 12. b4 axb4 13. axb4 Bxd5 14.
cxd5 Nxb4 15. Bxb4 cxb4 16. Rxb4 Qa5 17. Qb3 Qa1+ 18. Kd2 Ra2+ 19. Ke3 Nf5+ 20. Ke4 Rxe2+ 21. Kf3 Qa2 22. Qxa2 Rxa2 23. Rxb7 Nd4+ 24. Ke3 Re2# 0-1

[Event "Late-Titled-Tuesday-Blitz-September-26-2023"]
[Site "Chess.com"]
[Date "2023.09.26"]
[Round "4"]
[White "Chessdreamer2020"]
[Black "kleinebeer98"]
[Result "0-1"]
[WhiteElo "2536"]
[BlackElo "2797"]
[TimeControl "180+1"]
[EndTime "14:34:26 PDT"]
[Termination "kleinebeer98 won by resignation"]

1. e4 e5 2. Nf3 Nc6 3. Bb5 f5 4.
Qe2 fxe4 5. Qxe4 Nf6 6. Qe2 e4 7. d3 d5 8. O-O Be7 9. Ne5 Qd6 10. Bf4 Qe6 11. dxe4 O-O 12. Bxc6 bxc6 13. exd5 cxd5 14. Bg3 Ba6 15. c4 Bxc4 16. Qc2 Bxf1 17. Kxf1 Ne4 18. Nf3 c5 19. Nc3 Bf6 20. Re1 Bxc3 21. bxc3 Rae8 22. c4 Rxf3 0-1

[Event "Late-Titled-Tuesday-Blitz-September-26-2023"]
[Site "Chess.com"]
[Date "2023.09.26"]
[Round "4"]
[White "JoshWeinstein"]
[Black "ozates"]
[Result "0-1"]
[WhiteElo "2341"]
[BlackElo "2537"]
[TimeControl "180+1"]
[EndTime "14:34:42 PDT"]
[Termination "ozates won by resignation"]

1. e4 e5 2. Nc3 Nf6 3. f4 d5 4.
fxe5 Nxe4 5. d3 Nxc3 6. bxc3 c5 7. Nf3 Nc6 8. d4 Bg4 9. Be2 cxd4 10. cxd4 Bxf3 11.
Bxf3 Qh4+ 12. Kf1 Nxd4 13. Bxd5 O-O-O 14. c4 Bc5 15. Be3 Rhe8 16. Rb1 Rxe5 17. Bf2 Rf5 18.
g3 Qf6 19. Bxb7+ Kc7 20. Qd2 Nc6 0-1

[Event "Late-Titled-Tuesday-Blitz-September-26-2023"]
[Site "Chess.com"]
[Date "2023.09.26"]
[Round "4"]
[White "nihalsarin"]
[Black "Thjop"]
[Result "1-0"]
[WhiteElo "3086"]
[BlackElo "2603"]
[TimeControl "180+1"]
[EndTime "14:34:49 PDT"]
[Termination "nihalsarin won by resignation"]

1. a3 e5 2. c3 Nf6 3. d4 e4 4. Bg5 d5 5. e3 c5 6. Nd2 Nc6 7. Ne2 Be7 8. Bxf6 Bxf6 9. dxc5 a5 10. Nd4 O-O 11. Bb5 Ne5 12. O-O Qc7 13. b4 Bd7 14. Be2 b6 15. cxb6 Qxb6 16. Rb1 Rfc8 17. Qb3 Be6 18. Rfc1 g6 19. h3 h5 20. Nxe6 fxe6 21. c4 axb4 22. axb4 Qb7 23. c5 Nd7 24. Nxe4 dxe4 25. Qxe6+ Kg7 26. c6 Qc7 27. Qxd7+ Qxd7 28. cxd7 Rd8 29. Bb5 Rab8 30. Bc6 Be5 31. b5 Rb6 32. Rc4 Rdb8 33. Rxe4 Rxc6 34. Rxe5 Rd6 35. Re8 1-0

[Event "Late-Titled-Tuesday-Blitz-September-26-2023"]
[Site "Chess.com"]
[Date "2023.09.26"]
[Round "4"]
[White "SlipperySpeedster"]
[Black "IngOscarArdila"]
[Result "1-0"]
[WhiteElo "2620"]
[BlackElo "2379"]
[TimeControl "180+1"]
[EndTime "14:34:49 PDT"]
[Termination "SlipperySpeedster won by checkmate"]

1. b3 Nf6 2. Bb2 e6 3. e3 Be7 4.
Nf3 O-O 5. Be2 d6 6. d4 Nbd7 7.
O-O b6 8. c4 Bb7 9. Nc3 Ne4 10.
Qc2 f5 11. d5 Nxc3 12. Bxc3 e5 13. b4 a5 14. a3 h6 15. Nd2 Bf6 16. Qxf5 e4 17.
Qe6+ Kh7 18. Qxe4+ Kh8 19. Bd3 Kg8 20. Qh7+ Kf7 21.
Bg6+ Ke7 22. Bxf6+ Kxf6 23. Ne4+ Ke5 24. Qxg7+ Nf6 25. f4# 1-0

[Event "Late-Titled-Tuesday-Blitz-September-26-2023"]
[Site "Chess.com"]
[Date "2023.09.26"]
[Round "4"]
[White "FrankDux44"]
[Black "BillieKimbah"]
[Result "0-1"]
[WhiteElo "2572"]
[BlackElo "2971"]
[TimeControl "180+1"]
[EndTime "14:34:56 PDT"]
[Termination "BillieKimbah won by resignation"]

1. d4 Nf6 2. c4 d6 3. Nc3 Bf5 4.
Nf3 g6 5. g3 Bg7 6. Bg2 Ne4 7.
Qb3 Nxc3 8. bxc3 Bc8 9. h4 h6 10. h5 g5 11. e4 Nc6 12. Be3 b6 13. Nd2 Bb7 14. f4 gxf4 15. gxf4 Qd7 16. Bh3 e6 17. Rg1 Bf6 18. O-O-O O-O-O 19. e5 Na5 20. Qc2 dxe5 21. fxe5 Be7 22. Rdf1 Ba6 23. Rxf7 Ba3+ 0-1

[Event "Late-Titled-Tuesday-Blitz-September-26-2023"]
[Site "Chess.com"]
[Date "2023.09.26"]
[Round "4"]
[White "mitrabhaa"]
[Black "rasmussvane"]
[Result "0-1"]
[WhiteElo "2831"]
[BlackElo "2992"]
[TimeControl "180+1"]
[EndTime "14:35:05 PDT"]
[Termination "rasmussvane won by resignation"]

1. Nf3 d5 2. e3 Nf6 3. c4 c6 4. Nc3 a6 5. d4 e6 6. c5 Nbd7 7.
b4 g6 8. Bb2 Bg7 9. Bd3 O-O 10.
a4 e5 11. dxe5 Ng4 12. Ne2 a5 13. b5 Nxc5 14. Bc2 Nd7 15. Ned4 Ngxe5 16. O-O Nxf3+ 17. Qxf3 c5 18. Ba3 cxd4 19. Bxf8 Nxf8 20. exd4 Ne6 21. Bb3 Nxd4 22. Qxd5 Qxd5 23. Bxd5 Ne2+ 24. Kh1 Bxa1 25. Rxa1 Nf4 26. Bf3 Rb8 27. Rc1 Be6 28. Kg1 b6 29. g3 Nd3 0-1

[Event "Late-Titled-Tuesday-Blitz-September-26-2023"]
[Site "Chess.com"]
[Date "2023.09.26"]
[Round "4"]
[White "lamomiajunior"]
[Black "DvaHrasta"]
[Result "1-0"]
[WhiteElo "2733"]
[BlackElo "2511"]
[TimeControl "180+1"]
[EndTime "14:35:06 PDT"]
[Termination "lamomiajunior won on time"]

1. d4 Nf6 2. c4 e6 3. Nc3 Bb4 4.
f3 d5 5. a3 Bxc3+ 6. bxc3 O-O 7. cxd5 exd5 8. e3 b6 9. Bd3 c5 10. Ne2 Ba6 11. O-O Bxd3 12. Qxd3 Nc6 13. Bb2 Re8 14.
Ng3 Rc8 15. Rae1 cxd4 16. cxd4 Na5 17. e4 Nc4 18. Bc1 dxe4 19. fxe4 Ne5 20. Qd1 Ng6 21. Bb2 Rxe4 22. Nxe4 1-0

[Event "Late-Titled-Tuesday-Blitz-September-26-2023"]
[Site "Chess.com"]
[Date "2023.09.26"]
[Round "4"]
[White "scandalgod"]
[Black "dzilleruelo"]
[Result "1-0"]
[WhiteElo "2502"]
[BlackElo "2314"]
[TimeControl "180+1"]
[EndTime "14:35:06 PDT"]
[Termination "scandalgod won by resignation"]

1. d4 Nf6 2. c4 g6 3. Nc3 d5 4.
Bg5 Bg7 5. Nf3 Ne4 6. Bh4 Nxc3 7. bxc3 O-O 8. e3 c5 9. Be2 Nc6 10. O-O cxd4 11. cxd4 Bf5 12. Rc1 Rc8 13. h3 Qa5 14.
Qb3 Rfd8 15. cxd5 Rxd5 16. Bc4 Rdd8 17. Bxf7+ Kf8 18. Ng5 Bf6 19. Bg8 1-0

[Event "Late-Titled-Tuesday-Blitz-September-26-2023"]
[Site "Chess.com"]
[Date "2023.09.26"]
[Round "4"]
[White "Chessdemon2019"]
[Black "AlexPapasimakopoulos"]
[Result "0-1"]
[WhiteElo "2391"]
[BlackElo "2708"]
[TimeControl "180+1"]
[EndTime "14:35:13 PDT"]
[Termination "AlexPapasimakopoulos won by resignation"]

1. e4 e6 2. d4 d5 3. exd5 exd5 4. Bd3 Nc6 5. c3 Bd6 6. Nf3 Bg4 7. Nbd2 Nge7 8. h3 Bh5 9. Nf1 Qd7 10. Ng3 Bg6 11.
Be3 Nf5 12. Nxf5 Bxf5 13. Qd2 Ne7 14. O-O-O a5 15. Ne5 Bxe5 16. dxe5 a4 17. Bc5 Bxd3 18. Qxd3 c6 19. c4 O-O 20. cxd5 cxd5 21. Bxe7 Qxe7 22. Qxd5 a3 23. b3 Rfd8 24. Qe4 Qc5+ 25. Qc2 Qxe5 26. Kb1 g6 27. Rhe1 Rxd1+ 28. Rxd1 h5 29. g3 Kh7 30. g4 Rc8 31. Qd2 Rd8 32. Rf1 Rxd2 0-1

[Event "Late-Titled-Tuesday-Blitz-September-26-2023"]
[Site "Chess.com"]
[Date "2023.09.26"]
[Round "4"]
[White "GreatOwl02"]
[Black "Rutricks"]
[Result "0-1"]
[WhiteElo "2464"]
[BlackElo "2673"]
[TimeControl "180+1"]
[EndTime "14:35:34 PDT"]
[Termination "Rutricks won on time"]

1. d4 g6 2. Nf3 Bg7 3. g3 Nf6 4. Bg2 O-O 5. O-O d6 6. c4 Nbd7 7. Nc3 c5 8. d5 Rb8 9. a4 b6 10. e4 a6 11. Re1 Ne8 12. Bf4 Ne5 13. Nxe5 dxe5 14. Be3 Nd6 15. Bf1 f5 16. Qd2 a5 17.
b3 f4 18. gxf4 exf4 19. Bxf4 Bxc3 20. Qxc3 Rxf4 21. e5 Nf5 22. Qd2 Rd4 23. Qg5 Nh4 24. Be2 Re4 25. f4 Rxe2 0-1

[Event "Late-Titled-Tuesday-Blitz-September-26-2023"]
[Site "Chess.com"]
[Date "2023.09.26"]
[Round "4"]
[White "AradNazari"]
[Black "The_Straightforward_Rook"]
[Result "1-0"]
[WhiteElo "2779"]
[BlackElo "2521"]
[TimeControl "180+1"]
[EndTime "14:35:38 PDT"]
[Termination "AradNazari won by checkmate"]

1. e4 e5 2. f4 exf4 3. Nf3 Nf6 4. e5 Nh5 5. d4 d5 6. c4 g5 7. g4 Bxg4 8. Rg1 Qd7 9. cxd5 h6 10. Nc3 Na6 11. Bb5 c6 12. dxc6 bxc6 13. Bxa6 Bb4 14. Be2 O-O-O 15. Qa4 Bxc3+ 16. bxc3 Be6 17. Rb1 Qd5 18.
Qxa7 Qxa2 19. Rb8# 1-0

[Event "Late-Titled-Tuesday-Blitz-September-26-2023"]
[Site "Chess.com"]
[Date "2023.09.26"]
[Round "4"]
[White "gordonzyxu"]
[Black "yoelpolanco"]
[Result "1-0"]
[WhiteElo "2167"]
[BlackElo "2306"]
[TimeControl "180+1"]
[EndTime "14:35:43 PDT"]
[Termination "gordonzyxu won by checkmate"]

1. e4 e5 2. Nf3 Nc6 3. Bb5 a6 4. Ba4 Nf6 5. O-O Be7 6. Re1 b5 7. Bb3 d6 8. c3 O-O 9. h3 Nb8 10. d4 Nbd7 11. c4 c6 12. Nc3 Bb7 13. cxb5 cxb5 14. d5 Nc5 15. Bc2 b4 16. Na4 Nfd7 17.
Be3 Rc8 18. Nd2 a5 19. Rc1 Ba6 20. Nxc5 Nxc5 21. Nb3 Nxb3 22. Bxb3 Qd7 23. Qd2 Bb5 24. f4 exf4 25. Bxf4 Bf6 26. a3 bxa3 27. bxa3 a4 28. Bc2 Rfe8 29. Bd3 Bxd3 30. Qxd3 g6 31. Rc4 Rxc4 32.
Qxc4 Rc8 33. Qb4 Rc3 34. e5 Rb3 35. Qxd6 Qxd6 36. exd6 Kg7 37. d7 Rd3 38. d6 g5 39.
Be5 Bxe5 40. d8=Q Bxd6 41. Qxg5+ Kf8 42. Qh6+ Kg8 43. Re8+ Bf8 44. Rxf8# 1-0

[Event "Late-Titled-Tuesday-Blitz-September-26-2023"]
[Site "Chess.com"]
[Date "2023.09.26"]
[Round "4"]
[White "Polish_fighter3000"]
[Black "HalfIsCrayfish"]
[Result "1-0"]
[WhiteElo "3076"]
[BlackElo "2605"]
[TimeControl "180+1"]
[EndTime "14:35:48 PDT"]
[Termination "Polish_fighter3000 won by resignation"]

1. b3 c5 2. Bb2 Nc6 3. c4 Nf6 4. Bxf6 gxf6 5. Nc3 f5 6. e3 Bg7 7. Nge2 O-O 8. g3 b6 9. Bg2 Bb7 10. O-O e6 11. d4 cxd4 12. exd4 Na5 13. d5 Rc8 14.
Rc1 Qe7 15. Qd3 Qb4 16. Rfd1 a6 17. Bf3 Ba8 18. Kg2 Nb7 19. Nf4 b5 20. Nh5 bxc4 21.
Qe3 Qe7 22. bxc4 Rfe8 23. Na4 exd5 24. Qxe7 Rxe7 25. Nb6 Rd8 26. Nxg7 Kxg7 27. Bxd5 d6 28. Rb1 f6 29. Nxa8 1-0

[Event "Late-Titled-Tuesday-Blitz-September-26-2023"]
[Site "Chess.com"]
[Date "2023.09.26"]
[Round "4"]
[White "cristiano78"]
[Black "Shuvalov"]
[Result "0-1"]
[WhiteElo "2253"]
[BlackElo "2487"]
[TimeControl "180+1"]
[EndTime "14:36:09 PDT"]
[Termination "Shuvalov won by resignation"]

1. d4 Nf6 2. c4 g6 3. Nf3 Bg7 4. Nc3 d5 5. Bf4 O-O 6. e3 c5 7. dxc5 Ne4 8. Rc1 Nxc3 9. bxc3 Qa5 10. cxd5 Nd7 11. e4 Nxc5 12. Bd3 Bxc3+ 13. Ke2 b6 14.
Qc2 Nxd3 15. Qxc3 Nxf4+ 16. Ke3 Nxg2+ 17. Kd2 Qxc3+ 18. Rxc3 Ba6 19. Rc7 e6 20. d6 f6 21.
Nd4 Nf4 22. Ke3 e5 23. Nc6 Bb5 24. Nxa7 Ba4 25. Rb1 Rf7 26. Rxb6 Rxa7 27. Rb8+ Kg7 0-1

[Event "Late-Titled-Tuesday-Blitz-September-26-2023"]
[Site "Chess.com"]
[Date "2023.09.26"]
[Round "4"]
[White "leotobares"]
[Black "amanmuhammethommadov"]
[Result "0-1"]
[WhiteElo "2363"]
[BlackElo "2594"]
[TimeControl "180+1"]
[EndTime "14:36:16 PDT"]
[Termination "amanmuhammethommadov won by checkmate"]

1. d4 Nf6 2. Nf3 g6 3. c4 Bg7 4. Nc3 O-O 5. e4 d6 6. Be2 e5 7.
O-O Nc6 8. d5 Ne7 9. b4 a5 10.
bxa5 Rxa5 11. Nd2 b6 12. Nb3 Ra8 13. a4 Nd7 14. Be3 f5 15. f3 Nf6 16. a5 bxa5 17.
Nxa5 Nh5 18. Nc6 Rxa1 19. Qxa1 Nxc6 20. dxc6 Nf4 21. Rb1 Qg5 22. Bxf4 exf4 23. Qa3 h5 24. Nd5 h4 25. h3 fxe4 26. fxe4 f3 27. Bxf3 Bxh3 28.
Kh1 Be5 29. Qe3 Qg3 30. Kg1 Bxg2 31. Ne7+ Kh7 32. Nf5 Rxf5 33. exf5 Bh3+ 34. Kh1 Qh2# 0-1